[Event "2023 Wolfgang Leonhardt Cup"]
[Site "Woodvale, Perth WA AUS"]
[Date "2023.08.30"]
[Round "3"]
[White "Gough, Dylan"]
[Black "Oswald, Franz"]
[Result "1-0"]
[ECO "E21"]
[WhiteElo "1762"]
[BlackElo "1641"]
[PlyCount "79"]
[EventDate "2023.08.09"]
[EventType "swiss"]
[EventRounds "7"]
[EventCountry "AUS"]
[TimeControl "3600+30"]

1. d4 Nf6 2. c4 e6 3. Nc3 Bb4 4. Bd2 b6 5. e3 Bb7 6. Nf3 O-O 7. Be2 d6 8. Qc2
Nbd7 9. O-O Bxc3 10. Bxc3 c5 11. Nd2 d5 12. Bf3 Qc8 13. dxc5 Nxc5 14. Bxf6 gxf6
15. cxd5 exd5 16. Rac1 Qe6 17. h3 Ne4 18. Bxe4 dxe4 19. Qc4 Bd5 20. Qa4 a6 21.
b3 b5 22. Qa3 Kh8 23. Qb2 Rg8 24. Kh1 Rg6 25. f4 exf3 26. Nxf3 Qxe3 27. Rce1
Qf4 28. Re2 Rag8 29. Qd2 Qxd2 30. Rxd2 Be6 31. Nh4 Rh6 32. Nf5 Bxf5 33. Rxf5
Rhg6 34. Rc5 Re8 35. Rc6 Re6 36. Rxe6 fxe6 37. Rd6 f5 38. Rxa6 e5 39. Rxg6 hxg6
40. a4 1-0

[Event "2023 Wolfgang Leonhardt Cup"]
[Site "Woodvale, Perth WA AUS"]
[Date "2023.08.30"]
[Round "3"]
[White "Berry, Alistair"]
[Black "Bhatia, Abhay"]
[Result "0-1"]
[ECO "B33"]
[WhiteElo "1383"]
[BlackElo "1678"]
[PlyCount "52"]
[EventDate "2023.08.09"]
[EventType "swiss"]
[EventRounds "7"]
[EventCountry "AUS"]
[TimeControl "3600+30"]

1. e4 c5 2. Nf3 Nc6 3. d4 cxd4 4. Nxd4 e5 5. Nxc6 bxc6 6. Bc4 Nf6 7. Nc3 Bb4 8.
Bd3 d5 9. a3 Bxc3+ 10. bxc3 dxe4 11. Be2 Qb6 12. O-O O-O 13. Bg5 Nd5 14. Be3
Nxe3 15. fxe3 Qxe3+ 16. Kh1 Qxc3 17. Bh5 Be6 18. Bg4 Rad8 19. Qe2 Rd2 20. Qxe4
Bd5 21. Qe1 Bxg2+ 22. Kg1 Bxf1 23. Qxf1 Qd4+ 24. Kh1 Qxg4 25. Qg1 Qf3+ 26. Qg2
Qxg2# 0-1

[Event "2023 Wolfgang Leonhardt Cup"]
[Site "Woodvale, Perth WA AUS"]
[Date "2023.08.30"]
[Round "3"]
[White "Garang, Kuol Awan"]
[Black "Kerr, Lennon"]
[Result "0-1"]
[ECO "B10"]
[WhiteElo "1632"]
[BlackElo "1576"]
[PlyCount "64"]
[EventDate "2023.08.09"]
[EventType "swiss"]
[EventRounds "7"]
[EventCountry "AUS"]
[TimeControl "3600+30"]

1. e4 e6 2. c4 c6 3. Nc3 d5 4. cxd5 cxd5 5. Bb5+ Nc6 6. exd5 exd5 7. Qf3 Nf6 8.
d4 Bg4 9. Qe3+ Be7 10. Nf3 O-O 11. Bxc6 bxc6 12. Ne5 Bd6 13. O-O Qc7 14. Qg5 h6
15. Qh4 Bf5 16. Bxh6 Bxe5 17. Bxg7 Bxh2+ 18. Kh1 Kxg7 19. g3 Rh8 20. Qg5+ Bg6
21. Kg2 Qd7 22. Rh1 Qh3+ 23. Kf3 Rh5 24. Qe3 Re8 25. Qxe8 Nxe8 26. Ke3 Nd6 27.
b3 Nf5+ 28. Kd2 Nxd4 29. Rad1 Qf5 30. Ke3 Qe5+ 31. Kd2 Nf3+ 32. Kc1 Qxc3# 0-1

[Event "2023 Wolfgang Leonhardt Cup"]
[Site "Woodvale, Perth WA AUS"]
[Date "2023.08.30"]
[Round "3"]
[White "Kerr, Carter"]
[Black "Akers, Gerard"]
[Result "1-0"]
[ECO "B95"]
[WhiteElo "1485"]
[BlackElo "1562"]
[PlyCount "59"]
[EventDate "2023.08.09"]
[EventType "swiss"]
[EventRounds "7"]
[EventCountry "AUS"]
[TimeControl "3600+30"]

1. e4 c5 2. Nf3 d6 3. d4 cxd4 4. Nxd4 Nf6 5. Nc3 a6 6. Bc4 e6 7. Bg5 Be7 8. O-O
Qc7 9. Bb3 Nc6 10. f4 Na5 11. Ba4+ b5 12. Ndxb5 axb5 13. Nxb5 Qc5+ 14. Nd4+ Bd7
15. Bxd7+ Nxd7 16. Bxe7 Kxe7 17. b4 Qxb4 18. c3 Qc5 19. Qg4 Nf6 20. Qh4 e5 21.
fxe5 dxe5 22. Qg5 Ra6 23. Rab1 g6 24. Rb5 Qa7 25. Rxf6 Rxf6 26. Rxe5+ Kf8 27.
Qxf6 Rg8 28. Rxa5 Qb7 29. Ne6+ Ke8 30. Qd8# 1-0

[Event "2023 John Brooke Cup"]
[Site "Woodvale, Perth WA AUS"]
[Date "2023.08.30"]
[Round "3"]
[White "Ross, Leo"]
[Black "Leech, Martin"]
[Result "1-0"]
[ECO "C14"]
[WhiteElo "1335"]
[BlackElo "1522"]
[PlyCount "55"]
[EventDate "2023.08.09"]
[EventType "swiss"]
[EventRounds "7"]
[EventCountry "AUS"]
[TimeControl "3600+30"]

1. e4 e6 2. d4 d5 3. Nc3 Nf6 4. Bg5 Be7 5. e5 Nfd7 6. h4 c5 7. Qg4 Bxg5 8. hxg5
a6 9. g6 h6 10. gxf7+ Kf8 11. Qxe6 Nb6 12. Qe8+ Qxe8 13. fxe8=Q+ Kxe8 14. dxc5
N6d7 15. Nxd5 Kd8 16. O-O-O Re8 17. Nb6 Ra7 18. f4 Nc6 19. Bc4 Kc7 20. Nxd7
Bxd7 21. Nf3 Bg4 22. Rhf1 Raa8 23. Rd6 Rad8 24. Nd2 h5 25. Ne4 Bf5 26. Rxd8
Rxd8 27. Nd6 Rd7 28. Nxf5 1-0

[Event "2023 John Brooke Cup"]
[Site "Woodvale, Perth WA AUS"]
[Date "2023.08.30"]
[Round "3"]
[White "Howard, Mark"]
[Black "Hounsome, David"]
[Result "1-0"]
[ECO "C01"]
[WhiteElo "1452"]
[BlackElo "1370"]
[PlyCount "87"]
[EventDate "2023.08.09"]
[EventType "swiss"]
[EventRounds "7"]
[EventCountry "AUS"]
[TimeControl "3600+30"]

1. e4 e6 2. Nc3 d5 3. exd5 exd5 4. d4 Nc6 5. Bb5 a6 6. Bxc6+ bxc6 7. Nf3 Nf6 8.
O-O h6 9. Ne5 Bb7 10. Re1 Be7 11. Qf3 O-O 12. Qg3 Kh8 13. Bd2 c5 14. dxc5 Bxc5
15. Ng4 Nxg4 16. Qxg4 Bd6 17. a3 c5 18. b4 c4 19. Qd4 f6 20. Re3 Bc7 21. Rh3
Be5 22. Qh4 f5 23. Qxd8 Raxd8 24. Re1 Bxc3 25. Bxc3 d4 26. Bd2 Kh7 27. f3 f4
28. c3 d3 29. g4 g5 30. Re6 Kg7 31. Rhxh6 Rd7 32. Reg6+ Kf7 33. Rxg5 Bxf3 34.
Rxa6 Re7 35. Bxf4 Re2 36. Rf5+ Ke8 37. Rxf8+ Kxf8 38. Rd6 Bxg4 39. b5 Ke7 40.
b6 Rb2 41. a4 Rb3 42. Rd4 Be6 43. a5 Rxc3 44. b7 1-0

[Event "2023 John Brooke Cup"]
[Site "Woodvale, Perth WA AUS"]
[Date "2023.08.30"]
[Round "3"]
[White "Gough, Sebastian"]
[Black "Curtis, Calan"]
[Result "0-1"]
[ECO "D00"]
[WhiteElo "1072"]
[BlackElo "1300"]
[PlyCount "62"]
[EventDate "2023.08.09"]
[EventType "swiss"]
[EventRounds "7"]
[EventCountry "AUS"]
[TimeControl "3600+30"]

1. d4 e6 2. e3 d5 3. Bd3 c5 4. c3 Nc6 5. f4 cxd4 6. cxd4 Nge7 7. Nf3 Nf5 8.
Bxf5 exf5 9. Ne5 Be6 10. O-O g6 11. Qc2 Nxe5 12. fxe5 Rc8 13. Nc3 a6 14. Rf3 b5
15. a3 Bg7 16. Rh3 O-O 17. Qf2 h6 18. e4 fxe4 19. Bxh6 Bxh3 20. Bxg7 Kxg7 21.
gxh3 Rh8 22. Qg3 Rh5 23. Rf1 Rg5 24. Qxg5 Qxg5+ 25. Kh1 e3 26. Nxd5 e2 27. Rg1
Qxg1+ 28. Kxg1 e1=Q+ 29. Kg2 Rc2+ 30. Kf3 Rf2+ 31. Kg3 Rf5+ 0-1

[Event "2023 John Brooke Cup"]
[Site "Woodvale, Perth WA AUS"]
[Date "2023.08.30"]
[Round "3"]
[White "Michael, Ashley"]
[Black "Young, Manfred"]
[Result "0-1"]
[ECO "B07"]
[WhiteElo "1588"]
[BlackElo "1090"]
[PlyCount "50"]
[EventDate "2023.08.09"]
[EventType "swiss"]
[EventRounds "7"]
[EventCountry "AUS"]
[TimeControl "3600+30"]

1. e4 d6 2. d4 Nf6 3. Nc3 Bg4 4. f3 Bh5 5. Bc4 e6 6. Bg5 Be7 7. g4 Bg6 8. Qe2
h6 9. Bh4 O-O 10. O-O-O c6 11. Bg3 Nfd7 12. Bb3 b5 13. f4 c5 14. Nxb5 a6 15.
Na3 Nc6 16. f5 Bh7 17. fxe6 Nxd4 18. exf7+ Kh8 19. Qf2 Nxb3+ 20. axb3 Bf6 21.
Bxd6 Rxf7 22. Qg2 Ne5 23. Bxe5 Bg5+ 24. Rd2 Bxd2+ 25. Qxd2 Rf1+ 0-1

[Event "2023 John Brooke Cup"]
[Site "Woodvale, Perth WA AUS"]
[Date "2023.08.30"]
[Round "3"]
[White "Powell, Darren"]
[Black "Lanham, Bruce"]
[Result "0-1"]
[ECO "B01"]
[WhiteElo "1337"]
[BlackElo "1206"]
[PlyCount "106"]
[EventDate "2023.08.09"]
[EventType "swiss"]
[EventRounds "7"]
[EventCountry "AUS"]
[TimeControl "3600+30"]

1. e4 d5 2. exd5 Qxd5 3. Nc3 Qa5 4. d3 Nf6 5. Bd2 Bg4 6. Nce2 Qb6 7. Qc1 e6 8.
Be3 Qb4+ 9. c3 Qd6 10. Qc2 Be7 11. g3 c6 12. f3 Bf5 13. O-O-O Nbd7 14. Nd4 Bg6
15. Be2 Nd5 16. Bf2 e5 17. Nb3 Bg5+ 18. Nd2 Ne3 19. Bxe3 Bxe3 20. Kb1 Nc5 21.
Ne4 Qe7 22. h4 Bxg1 23. Rhxg1 O-O-O 24. Rge1 f6 25. Bf1 Kc7 26. Qf2 b6 27. f4
Nxe4 28. dxe4 Rxd1+ 29. Rxd1 Bxe4+ 30. Ka1 Rd8 31. Rxd8 Qxd8 32. Be2 Bg6 33. h5
Bd3 34. Bxd3 Qxd3 35. Qe1 e4 36. Qb1 Qxb1+ 37. Kxb1 Kd6 38. Kc2 Kd5 39. Kd2 f5
40. Ke3 g6 41. hxg6 hxg6 42. b3 b5 43. a3 a5 44. a4 bxa4 45. bxa4 Kc4 46. Kd2
Kb3 47. Ke3 Kxa4 48. Kd4 Kb3 49. Ke5 e3 50. Kf6 e2 51. Kxg6 e1=Q 52. Kxf5 Qxg3
53. Ke4 Kxc3 0-1

[Event "2023 John Brooke Cup"]
[Site "Woodvale, Perth WA AUS"]
[Date "2023.08.30"]
[Round "3"]
[White "Sethuraman, Jaswanth Ram"]
[Black "Porteus, Grant"]
[Result "1-0"]
[ECO "B13"]
[WhiteElo "824"]
[BlackElo "1381"]
[PlyCount "29"]
[EventDate "2023.08.09"]
[EventType "swiss"]
[EventRounds "7"]
[EventCountry "AUS"]
[TimeControl "3600+30"]

1. e4 c6 2. d4 d5 3. exd5 cxd5 4. Nf3 Nc6 5. Bb5 Bd7 6. Nc3 e6 7. a3 Bd6 8. O-O
Nge7 9. Re1 a6 10. Bxc6 Bxc6 11. Ne5 Qb6 12. Qg4 Ng6 13. Nxf7 Qc7 14. Nxd6+
Qxd6 15. Rxe6+ 1-0

[Event "2023 John Brooke Cup"]
[Site "Woodvale, Perth WA AUS"]
[Date "2023.08.30"]
[Round "3"]
[White "May, Wendy"]
[Black "Rennie, Mike"]
[Result "0-1"]
[ECO "C62"]
[WhiteElo "914"]
[BlackElo "891"]
[PlyCount "126"]
[EventDate "2023.08.09"]
[EventType "swiss"]
[EventRounds "7"]
[EventCountry "AUS"]
[TimeControl "3600+30"]

1. e4 e5 2. Nf3 d6 3. d4 Nc6 4. d5 Nce7 5. Bb5+ Bd7 6. Nc3 a6 7. Be2 Nf6 8. Ng5
Ng6 9. Bh5 Qc8 10. Bxg6 hxg6 11. h3 b5 12. O-O b4 13. Ne2 Bb5 14. f4 Be7 15.
fxe5 dxe5 16. a4 Bc5+ 17. Kh1 Bd7 18. b3 Bg4 19. Qd3 a5 20. Bb2 Bd6 21. Qb5+
Bd7 22. Qd3 Qb7 23. c3 Rh5 24. Bc1 c5 25. dxc6 Qxc6 26. g4 Bxg4 27. Ng3 Rh4 28.
Qc4 Qd7 29. Qxf7+ Qxf7 30. Nxf7 Kxf7 31. Bg5 Rxh3+ 32. Kg2 Rah8 33. Rh1 bxc3
34. Rad1 Nxe4 35. Rdf1+ Nf6 36. Ne4 Ke6 37. Nxf6 gxf6 38. Rxf6+ Kd7 39. Rf7+
Kc6 40. Rc1 Rh2+ 41. Kg3 Be6 42. Rxc3+ Kd5 43. Rd3+ Kc6 44. Rf6 e4+ 45. Rxd6+
Kxd6 46. Bf4+ Ke7 47. Rxg6 R2h3+ 48. Kg2 e3 49. Rg7+ Kf8 50. Rg6 Bd5+ 51. Kf1
Rh1+ 52. Ke2 R8h2+ 53. Bxh2 Rxh2+ 54. Kxe3 Rh3+ 55. Kd4 Bxb3 56. Rf6+ Kg7 57.
Ra6 Rh4+ 58. Kc5 Rxa4 59. Kb5 Bc4+ 60. Kb6 Bxa6 61. Kxa6 Ra1 62. Kb5 a4 63. Kb4
Kf6 0-1

[Event "2023 Wolfgang Leonhardt Cup"]
[Site "Woodvale, Perth WA AUS"]
[Date "2023.09.06"]
[Round "4"]
[White "Plaganyi, Gyula"]
[Black "Maggs, Derwent"]
[Result "0-1"]
[ECO "B23"]
[WhiteElo "1972"]
[WhiteTitle "CM"]
[BlackElo "2251"]
[PlyCount "54"]
[EventDate "2023.08.09"]
[EventType "swiss"]
[EventRounds "7"]
[EventCountry "AUS"]
[TimeControl "3600+30"]

1. e4 c5 2. Nc3 Nc6 3. f4 g6 4. Bb5 Nd4 5. Nf3 Nxb5 6. Nxb5 Bg7 7. O-O a6 8.
Nc3 e6 9. f5 Ne7 10. fxe6 dxe6 11. d3 O-O 12. Qe1 Nc6 13. Bg5 f6 14. Be3 b6 15.
Qh4 Ra7 16. Rad1 Nd4 17. Rd2 Rd7 18. Ne2 e5 19. Nfxd4 cxd4 20. Bf2 Rd6 21. g4
Be6 22. a3 Qd7 23. g5 Bh3 24. Re1 fxg5 25. Qxg5 Rdf6 26. Ng3 h6 27. Qh4 g5 0-1

[Event "2023 Wolfgang Leonhardt Cup"]
[Site "Woodvale, Perth WA AUS"]
[Date "2023.09.06"]
[Round "4"]
[White "Davoll, Josh"]
[Black "Lakner, Jay"]
[Result "0-1"]
[ECO "B01"]
[WhiteElo "1917"]
[BlackElo "2144"]
[PlyCount "104"]
[EventDate "2023.08.09"]
[EventType "swiss"]
[EventRounds "7"]
[EventCountry "AUS"]
[TimeControl "3600+30"]

1. e4 d5 2. exd5 Qxd5 3. Nf3 c5 4. Nc3 Qd8 5. Bb5+ Bd7 6. Bxd7+ Qxd7 7. d4 cxd4
8. Qxd4 Qxd4 9. Nxd4 Na6 10. Be3 e6 11. Ndb5 b6 12. O-O-O Nf6 13. Nd6+ Bxd6 14.
Rxd6 Nc7 15. Rd2 Nfd5 16. Nxd5 Nxd5 17. Bd4 O-O 18. Kb1 b5 19. h4 Rfc8 20. h5
h6 21. Rh4 Rc6 22. g4 f6 23. Rh3 a6 24. a3 Kf7 25. b3 Rac8 26. Kb2 R8c7 27.
Rhd3 a5 28. c3 Nf4 29. Rf3 e5 30. Be3 Rxc3 31. Bb6 Rxf3 32. Bxc7 a4 33. bxa4
bxa4 34. Rd7+ Ke6 35. Rd6+ Ke7 36. Ra6 Rxf2+ 37. Kb1 Nd5 38. Ba5 e4 39. Ra7+
Ke6 40. Rxg7 e3 41. Kc1 Ra2 42. Kd1 Rxa3 43. Ra7 Ra2 44. Ra6+ Ke5 45. Ke1 Kd4
46. Rc6 Kd3 47. Kf1 Rf2+ 48. Kg1 Rf4 49. Rd6 Rxg4+ 50. Kf1 Rg5 51. Bd8 e2+ 52.
Kf2 Rf5+ 0-1

[Event "2023 Wolfgang Leonhardt Cup"]
[Site "Woodvale, Perth WA AUS"]
[Date "2023.09.06"]
[Round "4"]
[White "Maris, Rob"]
[Black "Stortz, Robert"]
[Result "1-0"]
[ECO "D46"]
[WhiteElo "2044"]
[BlackElo "1796"]
[PlyCount "55"]
[EventDate "2023.08.09"]
[EventType "swiss"]
[EventRounds "7"]
[EventCountry "AUS"]
[TimeControl "3600+30"]

1. c4 c6 2. d4 d5 3. Nf3 Nf6 4. Nc3 e6 5. e3 Nbd7 6. Qc2 Bd6 7. Bd3 dxc4 8.
Bxc4 b5 9. Bd3 a6 10. Ng5 Bb7 11. Nce4 Nxe4 12. Nxe4 Bc7 13. b3 Rc8 14. Ba3 Nf6
15. Nc5 Ba8 16. Nxa6 Ba5+ 17. Ke2 Qb6 18. Nc5 Nd5 19. Bxh7 Nc3+ 20. Kf1 b4 21.
Bb2 g6 22. Bxg6 fxg6 23. Qxg6+ Kd8 24. Qf6+ Kc7 25. Qe5+ Kd8 26. Qd6+ Ke8 27.
Qd7+ Kf8 28. Nxe6+ 1-0

[Event "2023 Wolfgang Leonhardt Cup"]
[Site "Woodvale, Perth WA AUS"]
[Date "2023.09.06"]
[Round "4"]
[White "Bhatia, Abhay"]
[Black "Saxon, Marc"]
[Result "0-1"]
[ECO "B27"]
[WhiteElo "1678"]
[BlackElo "2053"]
[PlyCount "58"]
[EventDate "2023.08.09"]
[EventType "swiss"]
[EventRounds "7"]
[EventCountry "AUS"]
[TimeControl "3600+30"]

1. e4 c5 2. Nf3 g6 3. Bc4 Bg7 4. Ng5 e6 5. d3 Ne7 6. h4 d5 7. exd5 exd5 8. Nxf7
Kxf7 9. Qf3+ Kg8 10. Bb3 Be6 11. h5 Qf8 12. Qe3 Qf7 13. h6 Bd4 14. Qe2 Nbc6 15.
c3 Bf6 16. Bf4 c4 17. dxc4 dxc4 18. Bc2 Nd5 19. Bd2 Re8 20. O-O Ne5 21. f4 Bg4
22. Qf2 Bd8 23. Qg3 Be2 24. Re1 Nd3 25. Ba4 Re4 26. Bc2 Bb6+ 27. Kh1 Bf2 28.
Qg5 Bxe1 29. Bxe1 Ne7 0-1

[Event "2023 Wolfgang Leonhardt Cup"]
[Site "Woodvale, Perth WA AUS"]
[Date "2023.09.06"]
[Round "4"]
[White "Janceski, Alex"]
[Black "Gough, Dylan"]
[Result "1-0"]
[ECO "E00"]
[WhiteElo "1879"]
[BlackElo "1762"]
[PlyCount "63"]
[EventDate "2023.08.09"]
[EventType "swiss"]
[EventRounds "7"]
[EventCountry "AUS"]
[TimeControl "3600+30"]

1. d4 Nf6 2. c4 e6 3. a3 d5 4. e3 b6 5. Nf3 Bb7 6. Nbd2 Nbd7 7. Be2 Be7 8. b4
dxc4 9. Nxc4 Ne4 10. Bb2 O-O 11. O-O Bd5 12. Rc1 c5 13. b5 Rc8 14. Ncd2 cxd4
15. Nxd4 Rxc1 16. Qxc1 Qa8 17. Nxe4 Bxe4 18. Bf3 Bxf3 19. Nxf3 Nc5 20. Rd1 Rc8
21. Qb1 Ne4 22. Nd4 Bxa3 23. Nc6 Bxb2 24. Qxb2 Kh8 25. Rd7 a6 26. Ra7 Qxa7 27.
Nxa7 Ra8 28. Qe5 Nf6 29. bxa6 h6 30. h3 Kh7 31. Qc7 Kg6 32. Qxb6 1-0

[Event "2023 Wolfgang Leonhardt Cup"]
[Site "Woodvale, Perth WA AUS"]
[Date "2023.09.06"]
[Round "4"]
[White "Kerr, Lennon"]
[Black "Doshi, Chirag"]
[Result "1-0"]
[ECO "C66"]
[WhiteElo "1576"]
[BlackElo "1870"]
[PlyCount "49"]
[EventDate "2023.08.09"]
[EventType "swiss"]
[EventRounds "7"]
[EventCountry "AUS"]
[TimeControl "3600+30"]

1. e4 e5 2. Nf3 Nc6 3. Bb5 d6 4. d4 exd4 5. Nxd4 Bd7 6. Nc3 Nf6 7. Bg5 Be7 8.
Qd2 O-O 9. O-O Nxd4 10. Qxd4 Bxb5 11. Nxb5 a6 12. Nc3 h6 13. Bh4 Re8 14. Rad1
Qc8 15. f4 Qg4 16. Bg3 Nh5 17. Rf3 Bf6 18. Qd5 Bxc3 19. Rxc3 c6 20. Qd4 Rxe4
21. Qxd6 Rae8 22. h3 Qc8 23. Kh2 Nf6 24. Bh4 Nd5 25. Rxd5 1-0

[Event "2023 Wolfgang Leonhardt Cup"]
[Site "Woodvale, Perth WA AUS"]
[Date "2023.09.06"]
[Round "4"]
[White "Kerr, Carter"]
[Black "O'Shaughnessy, Dave"]
[Result "0-1"]
[ECO "B01"]
[WhiteElo "1485"]
[BlackElo "1977"]
[PlyCount "86"]
[EventDate "2023.08.09"]
[EventType "swiss"]
[EventRounds "7"]
[EventCountry "AUS"]
[TimeControl "3600+30"]

1. e4 d5 2. exd5 Qxd5 3. Nc3 Qd8 4. Nf3 Bg4 5. Bc4 e6 6. d3 Nf6 7. Bg5 Be7 8.
O-O Nbd7 9. Re1 O-O 10. h3 Bh5 11. Qe2 Re8 12. Ne4 Nb6 13. Ng3 Nxc4 14. dxc4
Bxf3 15. Qxf3 c6 16. Rad1 Qa5 17. Bh4 Rad8 18. Ne4 Nxe4 19. Bxe7 Rxe7 20. Qxe4
Red7 21. Rxd7 Rxd7 22. a3 Qd2 23. Qe3 Qxe3 24. Rxe3 Kf8 25. Kf1 Ke7 26. Ke2 f6
27. f4 Rd4 28. Rb3 b6 29. c5 bxc5 30. Ke3 Rd7 31. Rd3 Rd5 32. c4 Rxd3+ 33. Kxd3
f5 34. h4 e5 35. g3 e4+ 36. Ke3 Kf6 37. g4 fxg4 38. Kxe4 h5 39. b4 cxb4 40.
axb4 Ke6 41. f5+ Kf6 42. c5 a6 43. Kf4 g3 0-1

[Event "2023 Wolfgang Leonhardt Cup"]
[Site "Woodvale, Perth WA AUS"]
[Date "2023.09.06"]
[Round "4"]
[White "Leonhardt, Wolfgang"]
[Black "Berry, Alistair"]
[Result "1-0"]
[ECO "C45"]
[WhiteElo "1760"]
[BlackElo "1383"]
[PlyCount "35"]
[EventDate "2023.08.09"]
[EventType "swiss"]
[EventRounds "7"]
[EventCountry "AUS"]
[TimeControl "3600+30"]

1. e4 e5 2. Nf3 Nc6 3. d4 exd4 4. Nxd4 Qh4 5. Nxc6 Qxe4+ 6. Be3 Qxc6 7. a3 Nf6
8. Nc3 Be7 9. Be2 O-O 10. Bf3 Qe6 11. O-O Bd6 12. Re1 Qe5 13. g3 Qe8 14. Bg5
Qd8 15. Nd5 c6 16. Nxf6+ gxf6 17. Bh6 Re8 18. Qxd6 1-0

[Event "2023 Wolfgang Leonhardt Cup"]
[Site "Woodvale, Perth WA AUS"]
[Date "2023.09.06"]
[Round "4"]
[White "Akers, Gerard"]
[Black "Garang, Kuol Awan"]
[Result "0-1"]
[ECO "C64"]
[WhiteElo "1562"]
[BlackElo "1632"]
[PlyCount "114"]
[EventDate "2023.08.09"]
[EventType "swiss"]
[EventRounds "7"]
[EventCountry "AUS"]
[TimeControl "3600+30"]

1. e4 e5 2. Nf3 Nc6 3. Bb5 Bc5 4. Bxc6 dxc6 5. h3 Nf6 6. d3 O-O 7. O-O Re8 8.
Bg5 b5 9. Re1 a5 10. c3 Qd6 11. d4 exd4 12. e5 Qd5 13. exf6 Rxe1+ 14. Qxe1 Bxh3
15. Qe5 Be6 16. Qxd5 Bxd5 17. Nxd4 h6 18. Be3 gxf6 19. Bxh6 Kh7 20. Bf4 Rg8 21.
Bg3 Rg4 22. Nf3 Bxf3 23. gxf3 Rxg3+ 24. Kh2 Rxf3 25. Na3 Rxf2+ 26. Kg3 Rxb2 27.
Rf1 Bd6+ 28. Kg4 Rg2+ 29. Kf5 Bxa3 30. Kxf6 Kg8 31. Rd1 Rxa2 32. Rd8+ Bf8 33.
Rd7 Rf2+ 34. Kg5 Bd6 35. Kh6 Rh2+ 36. Kg5 Rg2+ 37. Kh6 Rg6+ 38. Kh5 a4 39. Rd8+
Kg7 40. Ra8 a3 41. Ra6 c5 42. Rxa3 Rg3 43. Ra5 f5 44. Rxb5 Kf6 45. Kh4 Rxc3 46.
Rb2 Kg6 47. Rg2+ Kf6 48. Rg8 Rc1 49. Kh3 Rh1+ 50. Kg2 Rh2+ 51. Kf3 c4 52. Ra8
Be5 53. Ra6+ Kg5 54. Rc6 c3 55. Rc5 Bd6 56. Rc4 c2 57. Ke3 c1=Q+ 0-1

[Event "2023 John Brooke Cup"]
[Site "Woodvale, Perth WA AUS"]
[Date "2023.09.06"]
[Round "4"]
[White "Curtis, Calan"]
[Black "Young, Manfred"]
[Result "1-0"]
[ECO "A40"]
[WhiteElo "1300"]
[BlackElo "1090"]
[PlyCount "51"]
[EventDate "2023.08.09"]
[EventType "swiss"]
[EventRounds "7"]
[EventCountry "AUS"]
[TimeControl "3600+30"]

1. d4 e6 2. Nc3 c6 3. e4 d6 4. Be3 Be7 5. Qd2 Nf6 6. h3 Qb6 7. O-O-O d5 8. e5
Ne4 9. Nxe4 dxe4 10. d5 Qc7 11. d6 Bxd6 12. Qxd6 Qxd6 13. exd6 Bd7 14. Bc4 O-O
15. Ne2 b5 16. Bb3 Na6 17. Rhe1 Nb4 18. Nc3 Nd5 19. Nxe4 Rfd8 20. Nc5 Bc8 21.
d7 Bxd7 22. Nxd7 Nxe3 23. Rxe3 g6 24. Red3 Kg7 25. Nc5 Rxd3 26. Rxd3 1-0

[Event "2023 John Brooke Cup"]
[Site "Woodvale, Perth WA AUS"]
[Date "2023.09.06"]
[Round "4"]
[White "Brooke, John"]
[Black "Sethuraman, Jaswanth Ram"]
[Result "0-1"]
[ECO "D00"]
[WhiteElo "1435"]
[BlackElo "824"]
[PlyCount "88"]
[EventDate "2023.08.09"]
[EventType "swiss"]
[EventRounds "7"]
[EventCountry "AUS"]
[TimeControl "3600+30"]

1. d4 d5 2. Bf4 Nc6 3. Nc3 e6 4. a3 Nf6 5. Nb5 Bd6 6. Bg5 h6 7. Nxd6+ cxd6 8.
Be3 Qb6 9. b4 a5 10. c3 Ne4 11. Qc2 axb4 12. Qb3 Nxc3 13. Nf3 Nb5 14. a4 Nbxd4
15. Nxd4 Nxd4 16. Qb2 e5 17. g3 Bf5 18. Rc1 b3 19. Bg2 Be4 20. O-O O-O 21. Rfd1
Rxa4 22. Bxe4 dxe4 23. Bxd4 exd4 24. Rb1 Rb4 25. Kg2 Rc8 26. Rdc1 Rc2 27. Rxc2
bxc2 28. Qxb4 Qxb4 29. Rxb4 c1=Q 30. Rxd4 Qc6 31. e3 b5 32. h4 Qc5 33. g4 b4
34. f3 exf3+ 35. Kxf3 b3 36. Ke4 b2 37. Rd1 Qc2+ 38. Rd3 b1=Q 39. g5 Qxd3+ 40.
Kf4 Qb4+ 41. Kf3 Qbe4+ 42. Kf2 Qd2+ 43. Kf1 Qf3+ 44. Kg1 Qdg2# 0-1

[Event "2023 John Brooke Cup"]
[Site "Woodvale, Perth WA AUS"]
[Date "2023.09.06"]
[Round "4"]
[White "Lanham, Bruce"]
[Black "Massam, Justin"]
[Result "0-1"]
[ECO "D02"]
[WhiteElo "1206"]
[BlackElo "1479"]
[PlyCount "32"]
[EventDate "2023.08.09"]
[EventType "swiss"]
[EventRounds "7"]
[EventCountry "AUS"]
[TimeControl "3600+30"]

1. d4 d5 2. Nf3 Nf6 3. g3 Nc6 4. Bg2 Bg4 5. O-O e6 6. Ne5 Bf5 7. c4 Nxe5 8.
dxe5 Ne4 9. Qa4+ c6 10. Rd1 Nc5 11. Qa3 Qb6 12. cxd5 Nd3 13. Qb3 Qxf2+ 14. Kh1
Qxe2 15. Bf1 Be4+ 16. Bg2 Qxg2# 0-1

[Event "2023 John Brooke Cup"]
[Site "Woodvale, Perth WA AUS"]
[Date "2023.09.06"]
[Round "4"]
[White "Hounsome, David"]
[Black "Rennie, Mike"]
[Result "1-0"]
[ECO "A01"]
[WhiteElo "1370"]
[BlackElo "891"]
[PlyCount "51"]
[EventDate "2023.08.09"]
[EventType "swiss"]
[EventRounds "7"]
[EventCountry "AUS"]
[TimeControl "3600+30"]

1. b3 e5 2. Bb2 d6 3. e3 Nc6 4. Bb5 Bd7 5. Nf3 Be7 6. O-O Nh6 7. d4 e4 8. Nfd2
O-O 9. Nxe4 Bf6 10. Nxf6+ Qxf6 11. c4 a6 12. Bxc6 bxc6 13. Nd2 d5 14. Re1 g6
15. e4 Rfe8 16. e5 Qf5 17. Qf3 Qc2 18. Bc1 Bg4 19. Qf4 Qf5 20. Qxh6 Re6 21. Qe3
Qh5 22. h3 Bf5 23. g4 Qh6 24. Qxh6 Bd3 25. Nf3 Rf8 26. Ng5 1-0

[Event "2023 John Brooke Cup"]
[Site "Woodvale, Perth WA AUS"]
[Date "2023.09.06"]
[Round "4"]
[White "Gough, Sebastian"]
[Black "Frankland, David"]
[Result "1-0"]
[ECO "D00"]
[WhiteElo "1072"]
[BlackElo "1098"]
[PlyCount "135"]
[EventDate "2023.08.09"]
[EventType "swiss"]
[EventRounds "7"]
[EventCountry "AUS"]
[TimeControl "3600+30"]

1. d4 d5 2. Nc3 e6 3. Bf4 Bb4 4. Qd3 Nc6 5. Nf3 f6 6. O-O-O Bxc3 7. Qxc3 Nge7
8. e3 g5 9. Bg3 Nf5 10. Be2 Nxg3 11. hxg3 Qd6 12. Nd2 Nb4 13. Kb1 Bd7 14. Rh6
f5 15. Bh5+ Ke7 16. Rh1 Ba4 17. b3 Bb5 18. Qc5 c6 19. Qxd6+ Kxd6 20. Bf7 Ke7
21. Rxh7 Rxh7 22. Rxh7 Kf6 23. Nf3 Bf1 24. Ne5 Rd8 25. Rh6+ Ke7 26. Rxe6+ Kf8
27. Rg6 Bxg2 28. Rxg5 Be4 29. Rg8+ Ke7 30. Rxd8 Kxd8 31. Kb2 Nxc2 32. Be6 Ke7
33. Bc8 Nb4 34. Bxb7 Kd6 35. a3 Nd3+ 36. Nxd3 Bxd3 37. Kc3 Be4 38. b4 Kc7 39.
Ba8 Bf3 40. a4 Kb6 41. Bxc6 Kxc6 42. b5+ Kb6 43. Kb4 a6 44. a5+ Ka7 45. b6+ Kb7
46. Kc5 Be4 47. Kd6 Bf3 48. Ke5 Be4 49. f3 Bxf3 50. Kxf5 Be4+ 51. Kf6 Bf3 52.
Ke5 Be4 53. g4 Bf3 54. g5 Be4 55. g6 Bxg6 56. Kxd5 Be8 57. e4 Bc6+ 58. Ke5 Be8
59. Kd6 Bh5 60. e5 Bf3 61. e6 Kc8 62. e7 Bh5 63. d5 Bf7 64. b7+ Kxb7 65. Kd7
Bg6 66. d6 Bf7 67. e8=Q Bxe8+ 68. Kxe8 1-0